Map: Incorporeal LE

Players

KimChiLoVer - Winner!

  • Race: Terran Terran
  • League: Diamond
  • Spawn Location: 5:00

Landfill

  • Race: Zerg Zerg
  • League: Diamond
  • Spawn Location: 11:00

VOD

Have the link to the VOD?

Description

Time

  • Played on: Aug. 26, 2025, 9:07 p.m.
  • Length: 10:06
Show
View Real Time Build Order
Export as new Build Order

KimChiLoVer Terran - Winner!

Build Orders: Reaper Expand 

Get SALT Encoding   

  12  0:00  SCV  
  13  0:14  SCV  
  14  0:17  Supply Depot  
  14  0:26  SCV  
  15  0:39  SCV  
  15  0:41  Barracks  
  16  0:45  Refinery  
  16  0:51  SCV  
  17  1:03  SCV  
  18  1:17  SCV  
  19  1:29  Orbital Command  
  19  1:30  Reaper  
  20  1:40  Command Center  
  20  1:51  Supply Depot  
  20  1:55  SCV  
  21  2:02  Marine  
  21  2:07  SCV  
  21  2:08  Factory  
  23  2:18  Refinery  
  23  2:19  SCV  
  24  2:24  Barracks  
  24  2:27  Barracks Reactor  
  24  2:32  SCV  
  25  3:03  Orbital Command  
  25  3:04  Factory Tech Lab  
  25  3:05  Marine x2, SCV  
  26  3:12  Command Center  
  28  3:23  Barracks  
  27  3:29  Marine x2, Orbital Command  
  27  3:31  Factory Reactor  
  29  3:35  Stimpack  
  29  3:36  SCV  
  30  3:48  SCV  
  30  3:54  Supply Depot  
  30  3:55  Marine x3  
  32  4:01  SCV x2  
  36  4:10  Starport  
  36  4:12  Hellion  
  36  4:13  Marine x2  
  36  4:15  SCV  
  36  4:16  SCV  
  42  4:26  Orbital Command, Supply Depot  
  42  4:29  Hellion  
  44  4:34  SCV  
  44  4:35  SCV  
  46  4:44  Supply Depot  
  46  4:46  SCV  
  46  4:47  SCV  
  46  4:50  Engineering Bay  
  48  4:58  Engineering Bay  
  48  4:59  SCV  
  49  5:02  Supply Depot  
  49  5:03  Hellion x2  
  49  5:05  Barracks Reactor  
  53  5:11  SCV  
  54  5:14  Refinery  
  54  5:15  Refinery  
  54  5:22  Supply Depot  
  54  5:23  SCV  
  54  5:24  Terran Infantry Weapons Level 1  
  55  5:35  SCV  
  56  5:41  SCV  
  56  5:42  SCV  
  58  5:47  SCV  
  59  5:53  SCV  
  59  5:54  SCV, Factory Tech Lab  
  61  5:59  SCV  
  61  6:01  Barracks  
  61  6:02  Marine x2  
  61  6:03  Barracks  
  62  6:05  SCV  
  62  6:06  SCV  
  62  6:09  Terran Infantry Armor Level 1  
  58  6:11  Medivac x2, SCV  
  63  6:19  Marine x3, Siege Tank  
  63  6:22  Combat Shield  
  63  6:24  SCV  
  70  6:26  Armory  
  70  6:31  Missile Turret  
  70  6:32  SCV x2  
  72  6:36  SCV  
  73  6:40  Missile Turret, Supply Depot  
  73  6:41  Marine x2  
  73  6:42  Marine x3  
  78  6:48  SCV  
  78  6:49  Barracks Reactor  
  78  6:52  Siege Tank  
  82  6:55  Marine  
  82  6:57  Medivac x2  
  82  6:59  Marine x3  
  82  7:00  Marine x2, SCV  
  93  7:13  Marine  
  94  7:17  Marine x4, Supply Depot x2  
  94  7:18  Marine  
  94  7:19  Terran Vehicle And Ship Armor Level 1  
  99  7:24  Barracks, Siege Tank  
  99  7:27  Medivac  
  104  7:34  Marine x3  
  104  7:35  Marine x2  
  109  7:38  Marine  
  109  7:39  Marine x2  
  112  7:46  Orbital Command  
  112  7:48  Barracks  
  112  7:51  Barracks, Marine x3  
  112  7:53  Marine x2  
  112  7:56  Marine, Siege Tank  
  121  8:24  Marine x4  
  125  8:38  Marine, Siege Tank  
  109  8:50  Marine  
  109  8:51  Marine x7  
  117  8:56  Marine  
  118  9:08  Marine x2  
  118  9:09  Marine x5  
  125  9:27  Marine x6  
  125  9:28  Marine x3  
  125  9:45  Marine x2  
Show
View Real Time Build Order
Export as new Build Order

Landfill Zerg 

Build Orders: Hatch First 

Get SALT Encoding   

  12  0:00  Drone  
  13  0:08  Drone  
  14  0:14  Extractor  
  14  0:15  Drone  
  15  0:36  Hatchery  
  15  0:40  Extractor  
  15  0:41  Drone  
  15  0:46  Overlord  
  15  1:03  Spawning Pool  
  14  1:05  Drone  
  14  1:08  Drone  
  16  1:12  Drone  
  16  1:17  Drone  
  18  1:27  Drone  
  19  1:37  Drone  
  20  1:49  Drone  
  20  1:50  Queen, Drone  
  20  1:51  Queen  
  26  1:59  Drone  
  27  2:03  Overlord  
  27  2:17  Drone  
  27  2:22  Drone x3  
  31  2:36  Hatchery  
  30  2:39  Drone  
  30  2:40  Drone  
  32  2:44  Extractor  
  31  2:53  Extractor  
  30  3:02  Drone x2  
  30  3:03  Drone x4  
  36  3:20  Overlord x2  
  36  3:30  Overlord  
  36  3:35  Metabolic Boost  
  36  3:38  Queen  
  36  3:40  Drone  
  36  3:41  Drone x5  
  44  3:51  Drone x2  
  44  3:52  Drone x4  
  50  4:02  Evolution Chamber  
  49  4:03  Drone x3  
  49  4:05  Evolution Chamber  
  51  4:10  Queen  
  53  4:27  Zerg Melee Weapons Level 1  
  53  4:33  Zergling x2  
  54  4:47  Zergling x8  
  54  4:49  Zerg Ground Armor Level 1  
  54  4:50  Overlord  
  54  4:51  Overlord  
  58  5:11  Baneling Nest  
  58  5:13  Lair  
  56  5:15  Zergling x6  
  56  5:16  Zergling x12  
  56  5:17  Zergling x6  
  68  5:23  Drone  
  68  5:24  Drone x3  
  68  5:27  Spore Crawler  
  71  5:29  Spore Crawler  
  71  5:32  Spore Crawler  
  69  5:49  Spine Crawler  
  68  5:52  Spine Crawler, Extractor  
  65  6:09  Drone x3  
  68  6:11  Drone  
  68  6:12  Drone x5  
  68  6:13  Overlord  
  68  6:14  Overlord x2  
  74  6:36  Overseer  
  74  6:37  Spire  
  74  6:38  Pneumatized Carapace  
  73  6:42  Zerg Melee Weapons Level 2  
  73  6:44  Centrifugal Hooks  
  73  6:53  Drone  
  73  6:54  Drone x6  
  76  6:57  Extractor  
  79  7:11  Roach Warren  
  79  7:13  Zerg Ground Armor Level 2  
  78  7:16  Extractor  
  77  7:40  Spore Crawler  
  75  7:52  Mutalisk x4  
  75  7:57  Baneling x2  
  75  8:49  Zergling x12  
  75  8:50  Zergling x16  
  89  9:02  Overlord x2  
  89  9:03  Overlord x2  
  89  9:05  Baneling x2  
  89  9:06  Baneling x7  
  89  9:07  Baneling  
  89  9:15  Overlord x3  
  89  9:16  Overlord  
  86  9:30  Zergling x16  
  86  9:31  Zergling x20  
  75  9:45  Zergling x2  
  72  9:46  Zergling x4  
Tags
 
Add a new tag
Caveats
  • Supply blocks, unpowered buildings, or Contaminate may cause inaccurate times.
  • Supply counts are checked every 10 seconds.